AoeStats
← Immaez

Arabia

510840740Analyzed
4v4 RM · 6h ago on Oct 2, 2026· 42m 4s· 8 players
Game mode
Random Map
Map size
Large (8 player)
Population
200
Speed
Normal
Resources
Standard
Victory
Conquest
Starting age
Dark Age
Ending age
Imperial Age
RankedLock teamsTeams togetherTeam positionsShared explorationLock speedFull tech treeHidden civsTurbo modeCheats
Victory
Defeat
🇨🇱 Ethiopians · Chile
1318
+15
🇮🇹 Magyars · Italy
1309
+15
🇵🇱 Saxons · Poland
1296
+37
🇵🇪 Persians · Peru
1260
+18
1380
-18
🇧🇪 Varangians · Belgium
1284
-16
🇳🇴 Berbers · Norway
1260
-15
🇳🇱 Jurchens · Netherlands
1259
-15
the ARCHitect
7:35 Loom
9:48 Feudal Age
10:24 Double-Bit Axe
22:30 Castle Age
21:35 Horse Collar
22:15 Bloodlines
22:51 Scale Barding Armor
22:53 Gold Mining
22:43 Light Cavalry
24:36 Chain Barding Armor
26:38 Bow Saw
28:53 Husbandry
31:02 Wheelbarrow
30:17 Town Watch
34:01 Hand Cart
39:50 Imperial Age
41:41 Plate Barding Armor
40:45 Cavalier
Mine Grote
11:58 Feudal Age
13:14 Loom
16:32 Castle Age
15:11 Double-Bit Axe
17:13 Wheelbarrow
17:08 Bloodlines
18:44 Husbandry
21:48 Forging
23:24 Scale Barding Armor
24:12 Horse Collar
24:36 Gold Mining
28:00 Heavy Plow
28:42 Gold Shaft Mining
30:35 Iron Casting
34:02 Chain Barding Armor
36:23 Hand Cart
38:57 Imperial Age
37:26 Stone Mining
38:36 Cavalier
39:59 Plate Barding Armor
41:30 Blast Furnace
40:18 Savar
41:15 Bow Saw
41:36 Crop Rotation
Immaez
8:21 Feudal Age
10:02 Loom
12:54 Town Watch
13:16 Double-Bit Axe
15:31 Fletching
17:20 Horse Collar
24:10 Castle Age
22:38 Padded Archer Armor
22:57 Gold Mining
25:04 Bow Saw
24:55 Bodkin Arrow
28:07 Ballistics
28:37 Leather Archer Armor
29:06 Wheelbarrow
29:54 Bloodlines
29:44 Husbandry
30:47 Thumb Ring
37:39 Hand Cart
41:40 Imperial Age
39:10 Scale Mail Armor
42:23 Bracer
41:52 Heavy Mounted Crossbowman
41:53 Cranequins
43:09 Ring Archer Armor
43:42 Chemistry
Sebv
7:03 Loom
9:47 Feudal Age
19:27 Fletching
22:20 Castle Age
20:45 Padded Archer Armor
22:18 Double-Bit Axe
22:16 Horse Collar
22:59 Bodkin Arrow
22:45 Crossbowman
24:40 Gold Mining
25:22 Ballistics
28:14 Leather Archer Armor
30:34 Bow Saw
30:25 Heavy Plow
36:21 Thumb Ring
PetsSs
6:14 Loom
8:30 Feudal Age
8:58 Double-Bit Axe
9:28 Double-Bit Axe
15:16 Bloodlines
16:33 Horse Collar
17:38 Wheelbarrow
20:17 Scale Barding Armor
20:33 Forging
28:28 Castle Age
35:22 Bow Saw
37:46 Fletching
38:18 Chain Barding Armor
40:25 Bodkin Arrow
Nutty
6:32 Loom
9:10 Feudal Age
11:54 Double-Bit Axe
15:01 Horse Collar
19:39 Padded Archer Armor
26:14 Castle Age
24:23 Fletching
27:26 Scale Mail Armor
27:36 Forging
28:02 Bodkin Arrow
28:22 Leather Archer Armor
27:53 Pikeman
31:59 Gold Mining
36:14 Bow Saw
36:49 Gold Shaft Mining
37:09 Stone Mining
40:15 Squires
41:04 Squires
Maudje10
6:26 Loom
9:16 Feudal Age
10:23 Double-Bit Axe
12:10 Horse Collar
14:04 Scale Barding Armor
15:32 Forging
18:15 Bloodlines
24:48 Castle Age
23:20 Scale Mail Armor
25:43 Husbandry
26:09 Bow Saw
30:59 Fletching
double barrack mountain king
10:39 Feudal Age
11:18 Loom
14:47 Castle Age
13:05 Horse Collar
13:53 Double-Bit Axe
19:50 Fletching
23:53 Town Watch
26:39 Arson
28:41 Wheelbarrow
29:50 Squires
30:27 Scale Mail Armor
31:23 Chain Mail Armor
Connection lost

Rejoining the realm…

Still unreachable

The connection could not be restored.

Session expired

The server has moved on; the page needs a fresh start.